 Dungeon Crawl Stone Soup version 0.31-a0-198-g2ad674f65e (webtiles) character file.

Game seed: 11764720374336857001

67 qw the Shooter (level 3, -4/20 HPs)
             Began as a Deep Elf Hunter on June 25, 2023.
             Slain by a gnoll
             ... wielding a +0 whip
              (6 damage)
             ... on level 2 of the Dungeon.
             The game lasted 00:00:24 (951 turns).

qw the Shooter (Deep Elf Hunter)                     Turns: 951, Time: 00:00:24

Health: -4/20      AC:  5    Str:  7 (10) XL:     3   Next: 98%
Magic:  5/5        EV: 10    Int: 12 (13) God:
Gold:   74         SH:  0    Dex: 16 (18) Spells: 2/2 levels left

rFire   . . .        Y - +0 shortbow (freeze)
rCold   . . .        (shield currently unavailable)
rNeg    . . .        e - +0 ring mail
rPois   .            (no helmet)
rElec   .            (no cloak)
rCorr   .            (no gloves)
SInv    .            (no boots)
Will    .....        (no amulet)
Stlth   +            (no ring)
HPRegen 0.23/turn    (no ring)
MPRegen 0.09/turn

%: no passive effects
@: slowed, very slow
A: no striking features
a: no special abilities


You were on level 2 of the Dungeon.
You visited 1 branch of the dungeon, and saw 4 of its levels.

You collected 74 gold pieces.


   Skills:
 - Level 1.5 Fighting
 + Level 7.4 Ranged Weapons
 - Level 2.4 Dodging
 - Level 1.2 Stealth


You had 2 spell levels left.
You didn't know any spells.
Your spell library was empty.

Inventory:

Hand Weapons
 Y - a +0 shortbow of freezing (weapon)
Armour
 e - a +0 ring mail (worn)
Scrolls
 j - 3 scrolls of identify
Potions
 g - a potion of enlightenment

Dungeon Overview and Level Annotations

Branches:
Dungeon (4/15)
 Temple: D:4-7

Altars:
The Shining One

Shops:
D:2 :


Message History

Enter note:
Enter note:
Enter note:
Enter note:
Enter note: You shoot an arrow.
The arrow closely misses the gnoll.
The arrow barely misses Jessica.
Jessica shouts!
A gnoll comes into view. It is wielding a +0 flail.
You shoot an arrow. The gnoll shouts!
The arrow hits the gnoll!
The arrow freezes the gnoll.
The gnoll is almost dead.
Jessica gestures wildly while chanting.
Jessica blinks!
A gnoll comes into view. It is wielding a +0 whip.
Jessica casts a spell at you. Pain shoots through your body!
Ouch! That really hurt!
You shoot an arrow. The gnoll shouts!
The arrow hits Jessica.
The arrow freezes Jessica.
Jessica is heavily wounded.
Jessica casts a spell at you.
You feel yourself slow down.
You shoot an arrow. The arrow hits Jessica.
The arrow freezes Jessica.
Jessica is severely wounded.
You shoot an arrow. The arrow hits Jessica.
The arrow freezes Jessica.
You kill Jessica!
You feel your dexterity returning.
Your Ranged Weapons skill increases to level 7!
You shoot an arrow. The arrow barely misses the gnoll.
The gnoll closely misses you.
You shoot an arrow. The arrow hits the gnoll.
The arrow freezes the gnoll.
The gnoll is moderately wounded.
The gnoll hits you with a +0 whip. The gnoll barely misses you.
You shoot an arrow. The arrow hits the gnoll.
The arrow freezes the gnoll.
The gnoll is severely wounded.
The gnoll hits you with a +0 flail. The gnoll hits you with a +0 whip.
You die...

. ##..##.#.. .....
#...##.#.. ....
#..##..... ...#
##..##..##. ...
##.......##. .
g.######...####.##. ...
#)#.......## #.#..
.....#g#.......#####.#..
......g@.......##.......
......#........####.....
................####....
.......##..##>...###....
#.)..## #...#.....##....
.(#.# #..#.............
. #. #.###.....###.... #
#. ##....# ###.. #....#
#....


You could see 3 gnolls.

Vanquished Creatures
  Jessica (D:2)
  7 bats
  4 endoplasms
  3 giant cockroaches (D:1)
  2 goblins (D:1)
  4 hobgoblins (D:1)
  3 jackals (D:2)
  A quokka (D:1)
  5 ball pythons
  2 frilled lizards (D:1)
  2 kobolds (D:2)
  2 rats (D:1)
36 creatures vanquished.

Notes
Turn   | Place    | Note
-------+----------+-------------------------------------------
     0 | D:1      | qw the Deep Elf Hunter began the quest for the Orb.
     0 | D:1      | Reached XP level 1. HP: 12/12 MP: 3/3
     0 | D:1      | 0 ||| qw: Version: 0.3-a-22-g0ed2b0b
     0 | D:1      | 0 ||| qw: Game counter: 4973
     0 | D:1      | 0 ||| qw: Melee chars always use a shield: true
     0 | D:1      | 0 ||| qw: God list: Okawaru
     0 | D:1      | 0 ||| qw: Allow faded altars: false
     0 | D:1      | 0 ||| qw: Do Orc after clearing Dungeon:15 true
     0 | D:1      | 0 ||| qw: Do second Lair branch before Depths: true
     0 | D:1      | 0 ||| qw: Lair rune preference: random
     0 | D:1      | 0 ||| qw: Goals: Normal
     0 | D:1      | 0 ||| PLANNING D:1-11
   234 | D:1      | Reached XP level 2. HP: 16/16 MP: 4/4
   260 | D:1      | Reached skill level 6 in Ranged Weapons
   750 | D:1      | 750 ||| UPGRADING to +0 ring mail.
   760 | D:1      | 760 ||| DROPPING +0 leather armour.
   761 | D:1      | 761 ||| READING scroll labelled POWKOA TUMNEIKK.
   762 | D:1      | 762 ||| READING scroll labelled ZEDDEA EVIHI.
   763 | D:1      | 763 ||| READING scroll labelled ZIYCLE BITRIEF.
   764 | D:1      | 764 ||| READING 2 scrolls labelled VIESAE REYT.
   765 | D:1      | 765 ||| DRINKING 2 dark potions.
   766 | D:1      | 766 ||| DROPPING scroll of butterflies.
   767 | D:1      | 767 ||| DROPPING potion of degeneration.
   783 | D:2      | Reached XP level 3. HP: 20/20 MP: 5/5
   795 | D:2      | Found a glowing golden altar of the Shining One.
   858 | D:2      | Found Holaodgh's Book Emporium.
   880 | D:2      | You fall into a shaft and drop 2 floors!
   881 | D:4      | 881 ||| READING scroll labelled GUM MIHIMOA.
   882 | D:4      | 882 ||| READING 4 scrolls of identify.
   882 | D:4      | 882 ||| IDENTIFYING fizzy black potion
   884 | D:4      | 884 ||| FLEEEEING.
   885 | D:4      | 885 ||| FLEEEEING.
   886 | D:4      | 886 ||| FLEEEEING.
   887 | D:4      | 887 ||| STAIRDANCE
   943 | D:2      | Noticed Jessica
   948 | D:2      | Killed Jessica
   949 | D:2      | Reached skill level 7 in Ranged Weapons
   951 | D:2      | HP: 2/20 [gnoll/+0 flail (4)]
   951 | D:2      | Slain by a gnoll

Levels and vault maps discovered:
D:1:      elethiomel_arrival_maze, layout_basic
D:2:      layout_rooms, shapermc_ecumenical_altar_rom_forum, serial_shops,
          shop_statue, basic_altar, uniq_jessica
D:3:      layout_rooms, fedhas_altar_3
D:4:      layout_rooms, kennysheep_mini, nicolae_ru_great_annihilating_truth,
          minmay_temple_entry_stoned_glass

Skill      XL: |  1  2  3 |
---------------+----------+-----
Ranged Weapons | 6 7 |  7.4
Fighting       | |  1.5
Dodging        | |  2.4
Stealth        | |  1.2

Action                     || total
---------------------------++-------
   Fire: Shortbow          ||    75
    Use: Scroll            ||     6
         Potion            ||     1
 Armour: Leather armour    ||     6
         Ring mail         ||     4
  Dodge: Dodged            ||     9

Table legend:
 A = Non-vault XP
 B = Vault XP
 C = Vault XP percentage of total XP
 D = Non-vault monster count
 E = Vault monster count
 F = Vault count percentage of total count
                 A         B        C        D         E       F
            +---------+---------+-------+---------+---------+-------
      Total |      59 |      37 |  38.5 |      35 |       1 |   2.8
            +---------+---------+-------+---------+---------+-------
        D:1 |      40 |       0 |   0.0 |      24 |       0 |   0.0
        D:2 |      17 |      37 |  68.5 |      10 |       1 |   9.1
        D:3 |       2 |       0 |   0.0 |       1 |       0 |   0.0
            +---------+---------+-------+---------+---------+-------
